 Dungeon Crawl Stone Soup version 0.30-a0-612-g150a0467c1 (webtiles) character file.

Game seed: 7018334353302775088

115090 zero the Thaumaturge (level 16, -15/101 HPs)
             Began as a Gargoyle Earth Elementalist on Jan 8, 2023.
             Was the Champion of Kikubaaqudgha.
             Demolished by a tengu warrior
             ... wielding a +0 great mace
              (17 damage)
             ... on level 10 of the Dungeon.
             The game lasted 00:55:47 (33938 turns).

zero the Thaumaturge (Gargoyle Earth Elementalist) Turns: 33938, Time: 00:55:48

Health: -15/101    AC: 25    Str:  9    XL:     16   Next: 67%
Magic:  0/43       EV: 15    Int: 30    God:    Kikubaaqudgha [******]
Gold:   884        SH:  7    Dex: 17    Spells: 4/43 levels left

rFire   + + .      SeeInvis +    y - staff of death
rCold   + + .      Faith    .    K - +2 buckler {rC+}
rNeg    + + .      Spirit   .    M - +2 robe of Protective Custody {-Tele MP+9 Dex+3 Slay+2}
rPois   ∞          Reflect  .    r - +0 helmet
rElec   +          Harm     .    a - +2 cloak of the Sea {rF+ Int+3 Dex+4}
rCorr   +          Rampage  .    L - +0 pair of gloves
Will    +....      NoTele   +    Q - +2 pair of boots
Stlth   +++                      V - amulet "Xiycaam" {rElec rC++ Regen+ rCorr Str-5 SInv}
HPRegen 1.16/turn                s - ring of wizardry
MPRegen 0.28/turn                q - ring of the Good {Fire Int+5}

@: death channelling, on berserk cooldown, flying, slowed, studying Fighting,
very slow
A: sickness immunity, AC +12, big wings, negative energy resistance 1,
electricity resistance, torment resistance 1, petrification resistance
a: Renounce Religion, Unearth Wretches, Torment


You were on level 10 of the Dungeon.
You worshipped Kikubaaqudgha.
Kikubaaqudgha was exalted by your worship.
You visited 4 branches of the dungeon, and saw 23 of its levels.
You also visited: Ice Cave and Volcano.

You collected 3599 gold pieces.
You spent 2715 gold pieces at shops.

Inventory:

Hand Weapons
 W - the +9 long sword "Wiapig" {flame, Fly rN+ Int+3}
   (You found it on level 1 of the Orcish Mines)

   Int:       It affects your intelligence (+3).
   rN:        It protects you from negative energy.
   Fly:       It grants you flight.
Missiles
 D - 2 throwing nets
 F - 17 curare-tipped darts
Armour
 a - the +2 cloak of the Sea (worn) {rF+ Int+3 Dex+4}
   (You acquired it on level 9 of the Dungeon)

   Int:       It affects your intelligence (+3).
   Dex:       It affects your dexterity (+4).
   rF:        It protects you from fire.
 r - a +0 helmet (worn)
 K - a +2 buckler of cold resistance (worn)
 L - a +0 pair of gloves (worn)
 M - the +2 robe of Protective Custody (worn) {-Tele MP+9 Dex+3 Slay+2}
   (You found it on level 8 of the Dungeon)

   Dex:       It affects your dexterity (+3).
   Slay:      It affects your accuracy & damage with ranged weapons and melee
   (+2).
   MP:        It affects your magic capacity (+9).
   -Tele:     It prevents most forms of teleportation.
 Q - a +2 pair of boots (worn)
Magical Staves
 k - a staff of earth
 y - a staff of death (weapon)
Jewellery
 i - a +6 ring of intelligence
 q - the ring of the Good (right hand) {Fire Int+5}
   (You bought it in a shop on level 1 of the Orcish Mines)

   [ring of fire]

   It enhances your fire magic.
   Int:       It affects your intelligence (+5).
   rF:        It protects you from fire.
   rC:        It makes you vulnerable to cold.
 s - a ring of wizardry (left hand)
 V - the amulet "Xiycaam" (around neck) {rElec rC++ Regen+ rCorr Str-5 SInv}
   (You bought it in a shop on level 1 of the Orcish Mines)

   [amulet of regeneration]

   Str:       It affects your strength (-5).
   rC:        It greatly protects you from cold.
   rElec:     It insulates you from electricity.
   SInv:      It lets you see invisible.
   Regen:     It increases your rate of health regeneration.
   rCorr:     It protects you from acid and corrosion.
Wands
 n - a wand of mindburst (9)
 t - a wand of quicksilver (4)
 J - a wand of charming (7)
 N - a wand of digging (3)
 P - a wand of iceblast (12)
Scrolls
 h - 8 scrolls of teleportation
 m - 2 scrolls of blinking
 p - 3 scrolls of poison
 u - 5 scrolls of immolation
 v - 3 scrolls of amnesia
 C - 2 scrolls of magic mapping
 E - 14 scrolls of identify
 U - a scroll of butterflies
Potions
 b - 2 potions of magic
 c - 3 potions of invisibility
 d - 9 potions of might
 e - 4 potions of lignification
 f - 3 potions of heal wounds
 g - 2 potions of berserk rage
 j - 6 potions of haste
 l - 4 potions of mutation
 o - a potion of resistance
 w - 4 potions of cancellation
 x - 3 potions of brilliance
 A - 4 potions of attraction
 B - 4 potions of flight
 H - 4 potions of curing
 T - 2 potions of ambrosia
Miscellaneous
 z - a phial of floods
 I - a condenser vane
 O - a lightning rod (4/4)


   Skills:
 - Level 12.0 Fighting
 - Level 5.0 Ranged Weapons
 - Level 4.0 Armour
 - Level 7.0 Dodging
 - Level 4.0 Stealth
 - Level 2.0 Shields
 + Level 14.0 Spellcasting
 - Level 8.4 Conjurations
 + Level 13.1 Necromancy
 - Level 2.1 Transmutations
 * Level 0.5 Fire Magic
 - Level 10.0 Ice Magic
 - Level 10.0 Earth Magic
 - Level 3.0 Evocations


You had 4 spell levels left.
You knew the following spells:

 Your Spells              Type           Power      Damage    Failure   Level
a - Sandblast             Erth           100%       2d20      1%          1
b - Stone Arrow           Conj/Erth      100%       3d13      1%          3
c - Death Channel         Necr           49%        N/A       1%          6
d - Simulacrum            Ice/Necr       47%        N/A       1%          6
e - Infestation           Necr           49%        N/A       34%         8
f - Starburst             Conj/Fire      32%        6d10      28%         6
v - Borgnjor's Vile Clut  Necr/Erth      47%        N/A       1%          5
E - Animate Dead          Necr           99%        N/A       1%          4

Your spell library contained the following spells:

 Spells                   Type           Power      Damage    Failure   Level
 Necrotise                Necr           100%       1d9       0%          1
 Beastly Appendage        Tmut           66%        N/A       1%          1
 Foxfire                  Conj/Fire      100%       2x1d9     1%          1
 Kiss of Death            Conj/Necr      100%       2d13      1%          1
 Magic Dart               Conj           100%       1d8       1%          1
 Blink                    Tloc           42%        N/A       1%          2
 Call Imp                 Summ           21%        N/A       1%          2
 Ensorcelled Hibernation  Hex/Ice        100%       N/A       1%          2
 Momentum Strike          Conj/Tloc      92%        3d10      1%          2
 Passwall                 Tmut/Erth      45%        N/A       1%          2
 Wereblood                Tmut           33%        N/A       1%          2
 Mephitic Cloud           Conj/Pois/Air  37%        N/A       1%          3
 Ozocubu's Armour         Ice            69%        N/A       1%          3
 Vampiric Draining        Necr           99%        2d13      1%          3
 Anguish                  Hex/Necr       37%        N/A       1%          4
 Animate Armour           Summ/Erth      100%       N/A       1%          4
 Dispel Undead            Necr           99%        3d31      1%          4
 Flame Wave               Conj/Fire      64%        2d15      1%          4
 Petrify                  Tmut/Erth      55%        N/A       1%          4
 Sticky Flame             Conj/Fire      64%        2d8       1%          4
 Summon Ice Beast         Ice/Summ       50%        N/A       1%          4
 Ignite Poison            Fire/Tmut/Pois 39%        N/A       2%          3
 Spider Form              Tmut/Pois      27%        N/A       2%          3
 Inner Flame              Hex/Fire       34%        N/A       3%          3
 Lesser Beckoning         Tloc           42%        N/A       3%          3
 Swiftness                Air            21%        N/A       3%          3
 Manifold Assault         Tloc           21%        N/A       12%         4
 Agony                    Necr           99%        N/A       1%          5
 Iskenderun's Battlesphe  Conj           64%        2d11      1%          5
 Metabolic Englaciation   Hex/Ice        25%        N/A       4%          5
 Fireball                 Conj/Fire      32%        3d14      5%          5
 Ozocubu's Refrigeration  Ice            34%        4d15      16%         7
 Conjure Ball Lightning   Conj/Air       23%        3x3d6     32%         6
 Orb of Destruction       Conj           32%        9d10      32%         7
 Borgnjor's Revivificati  Necr           49%        N/A       34%         8
 Haunt                    Necr/Summ      37%        N/A       52%         7
 Lehudib's Crystal Spear  Conj/Erth      33%        10d8      86%         8
 Necromutation            Tmut/Necr      39%        N/A       96%         8
 Storm Form               Tmut/Air       13%        N/A       99%         7
 Death's Door             Necr           49%        N/A       99%         9
 Ignition                 Fire           18%        3d7       100%        8
 Cigotuvi's Dreadful Rot  Necr/Pois/Air  Unusable   N/A       N/A         2
 Statue Form              Tmut/Erth      Unusable   N/A       N/A         6

Dungeon Overview and Level Annotations

Branches:
Dungeon (15/15)            Temple (1/1) D:6            Lair (5/5) D:10
 Shoals (0/4) Lair:2       Spider (0/4) Lair:2        Slime (0/5) Lair:5
    Orc (2/2) D:12            Elf (0/3) Orc:2        Vaults (0/5) D:14
 Depths (0/4) D:15          IceCv (visited)         Volcano (visited)

Altars:
Ashenzari
Cheibriados
Dithmenos
Elyvilon
Fedhas
Gozag
Hepliaklqana
Kikubaaqudgha
Makhleb
Nemelex Xobeh
Okawaru
Qazlal
Ru
Sif Muna
Trog
Uskayaw
Vehumet
Wu Jian
Xom
Yredelemnul
Zin
The Shining One
Jiyva

Shops:
D:6 [   D:8 =   Orc:1 **=   Orc:2 [:[=?

Portals:
Trove: D:10 (give 6 scrolls of blinking)

Annotations:
D:10 1 transporter, eyesofgods1's ghost, journeyman DsCj
D:11 4 runed translucent doors
D:14 4 transporters
Lair:5 4 runed translucent doors, bmj180's ghost, journeyman GrEE


Innate Abilities, Weirdness & Mutations

You are immune to sickness and miasma.
Your stone body is resilient. (AC +12)
You are immune to poison.
Your large and strong wings let you fly.
You resist negative energy. (rN+)
You are resistant to electric shocks. (rElec)
You are resistant to unholy torment.
You are immune to petrification.


Message History

Your death scarab is destroyed!
The orc warrior rages.
Okay, then.
You feel much better. You block the tengu warrior's attack.
The tengu warrior pecks you but does no damage.
The tengu warrior misses you.
The orc warrior hits you with a +2 antimagic flail!
* * * LOW HITPOINT WARNING * * *
You feel your power leaking away.
The tengu warrior hits you with a +0 great mace!!
* * * LOW HITPOINT WARNING * * *
The tengu warrior pecks you but does no damage.
The tengu warrior claws you but does no damage.
You feel much better.
The orc warrior hits you but does no damage.
The moth of wrath completely misses you.
The tengu warrior hits you with a +0 great mace.
* * * LOW HITPOINT WARNING * * *
You block the tengu warrior's attack. x2
Eyesofgods1's ghost casts a spell at you.
The magic dart hits you!
* * * LOW HITPOINT WARNING * * *
The orc warrior hits you with a +2 antimagic flail!
* * * LOW HITPOINT WARNING * * *
You feel your power leaking away.
The moth of wrath bites you but does no damage.
As you read the scroll of fear, it crumbles to dust.
You assume a fearsome visage.
The moth of wrath looks frightened!
The tengu warrior is unaffected.
The two-headed ogre is unaffected.
Eyesofgods1's ghost is unaffected.
The orc warrior is unaffected.
The tengu warrior closely misses you.
The tengu warrior pecks you but does no damage.
The tengu warrior claws you.
* * * LOW HITPOINT WARNING * * *
The orc warrior hits you with a +2 antimagic flail.
* * * LOW HITPOINT WARNING * * *
Eyesofgods1's ghost barely misses you.
The tengu warrior hits you with a +0 great mace!
You die...
Kikubaaqudgha rasps: "You have failed me!
Welcome... oblivion!"

####### ###.............##.#
#####.........##.# #.........##.#
#.........##.#
#############........###.#
#..........#...........#.########
#..............#####............)
#............###...###..#########
#...........##W@.#. ###..#
###.).........#.oQO## #.#..#######
.............##...y#§##.##.......##
.............#)....$.#...#........[
.##########.©#©..#._:...©#©..#####.
.# #..#..#§..)##..#........> .#
#..##.###.#≈####.######.# .#
##..##..§.### #...# #.# .#
#..##....#.###...# #.#


You could see a tengu warrior (berserk, infested, slow), a two-headed ogre
(berserk, infested, drained), a moth of wrath (infested, fleeing), an orc
warrior (berserk, slow) and eyesofgods1's ghost (infested).

Vanquished Creatures
  Kirke (Lair:5)
  An azure jelly (IceCv)
  2 quicksilver oozes (IceCv)
  A stone giant (D:15)
  A red draconian (Volcano)
  Snorg (Lair:5)
  Josephine (Lair:3)
  An ettin (Orc:1)
  A fire dragon (Lair:5)
  Fannar (Orc:1)
  2 hydras
  2 ogre magi (Orc:2)
  2 boulder beetles
  2 dancing weapons (D:14)
  2 centaur warriors
  7 two-headed ogres
  3 death yaks
  Urug (Lair:1)
  Sonja (Orc:1)
  Nergalle (Orc:2)
  20 skeletal warriors
  A salamander mystic (Volcano)
  A swamp dragon (Lair:5)
  3 deep elf pyromancers
  2 lindwurms (Lair:5)
  A wizard (D:14)
  An orc knight (D:15)
  2 manticores
  6 orc sorcerers (Orc:2)
  3 ugly things
  13 cyclopes
  6 salamanders (Volcano)
  A merfolk siren (Lair:2)
  5 centaur zombies (D:10)
  4 elephants (Lair:5)
  A gargoyle (D:13)
  A torpor snail (Lair:5)
  2 ice statues (IceCv)
  4 black mambas
  7 cane toads
  2 unseen horrors
  7 rime drakes
  2 unseen horror zombies (D:10)
  2 kobold demonologists (D:11)
  11 komodo dragons
  A freezing wraith (D:14)
  2 merfolk (Lair:2)
  8 trolls
  3 hornets
  2 meliai (D:13)
  Prince Ribbit (D:5)
  7 dream sheep
  7 blink frogs (Lair:5)
  A jumping spider (Lair:2)
  28 slime creatures
  2 shadows
  6 wraiths
  23 yaks
  5 wyverns
  2 hogs (Lair:5)
  A steam dragon (Lair:5)
  6 basilisks
  5 vampire mosquitoes
  3 wargs
  2 acid dragons (Lair:5)
  12 water moccasins
  2 hell hounds (D:14)
  A black bear (D:10)
  2 swamp drakes (Lair:5)
  10 orc warriors
  6 great orb of eyes simulacra (IceCv)
  3 sky beasts
  12 ogres
  3 centaurs
  A phantom (D:3)
  A slime creature simulacrum (IceCv)
  11 wolves
  2 kobold brigands
  2 elf zombies (D:5)
  A glowing shapeshifter simulacrum (IceCv)
  6 bullfrogs
  2 necrophages (D:10)
  3 gnoll sergeants
  3 scorpions
  2 elf skeletons (D:5)
  10 wights
  A troll zombie (D:12)
  A vampire bat (Lair:3)
  6 electric eels (D:12)
  5 howler monkeys
  2 hounds
  2 jellies
  3 gnoll boudas
  6 orc priests
  A human zombie (D:10)
  Crazy Yiuf (D:6)
  A human skeleton (D:5)
  13 iguanas
  22 orc wizards
  Natasha (thrice) (D:2)
  3 shapeshifter simulacra (IceCv)
  9 adders
  22 gnolls
  A shadow imp (D:6)
  A white imp (D:3)
  2 ufetubi
  4 worms
  A dart slug (D:2)
  57 orcs
  6 endoplasms
  4 giant cockroaches
  9 goblins
  4 hobgoblins
  3 jackals (D:3)
  5 quokkas
  3 ball pythons
  13 bats
  7 frilled lizards
  13 kobolds
  An orc skeleton (D:5)
  5 rats
592 creatures vanquished.

Vanquished Creatures (collateral kills)
  A stone giant (Orc:1)
  Azrael (D:14)
  3 ettins (Orc:1)
  The ghost of funaii the Fighter, a journeyman MiBe of Trog (D:9)
  3 hydras (Lair:5)
  A catoblepas (Lair:2)
  A death yak (Lair:5)
  2 skeletal warriors (D:13)
  A pharaoh ant (Lair:2)
  A deep elf pyromancer (D:15)
  An orc sorcerer (Orc:2)
  3 ugly things
  4 cyclopes
  A manticore (D:12)
  3 black mambas
  2 torpor snails
  3 elephants (Lair:5)
  4 cane toads
  2 komodo dragons
  2 trolls (Orc:1)
  A meliai (D:13)
  A hornet (Lair:5)
  13 blink frogs (Lair:5)
  A polar bear (Lair:5)
  A dream sheep (Lair:5)
  A jumping spider (Lair:2)
  6 slime creatures
  A wraith (D:11)
  9 yaks
  A wyvern (Lair:2)
  2 fire elementals (D:14)
  A redback (Lair:2)
  A basilisk (Lair:1)
  2 vampire mosquitoes (D:13)
  A warg (Orc:1)
  An acid dragon (Lair:5)
  A water moccasin (Lair:3)
  4 orc warriors
  2 orc zombies (Orc:2)
  2 ogres
  3 wolves
  A glowing shapeshifter simulacrum (IceCv)
  An orc priest (D:15)
  2 orc wizards
  16 orcs
  2 bats (Lair:3)
117 creatures vanquished.

Vanquished Creatures (others)
  2 ugly thing zombies (D:14)
  A centaur zombie (D:13)
  A komodo dragon (Lair:2)
  3 meliai zombies (D:13)
  A human (Lair:5)
  3 slime creature zombies
  4 blink frog zombies (Lair:5)
  5 elephant zombies (Lair:5)
  4 dream sheep zombies (Lair:5)
  A rime drake zombie (Lair:5)
  2 komodo dragon zombies
  A wyvern zombie (D:10)
  A water moccasin zombie (D:10)
  7 yak zombies
  2 wolf zombies (Orc:1)
  An orc wizard (Orc:2)
  A gnoll (D:8)
  A quokka (D:8)
  32 orc zombies
  2 bushes (Lair:5)
  24 fungi
  84 plants
183 creatures vanquished.

Grand Total: 892 creatures vanquished

Notes
Turn   | Place    | Note
-------+----------+-------------------------------------------
     0 | D:1      | zero the Gargoyle Earth Elementalist began the quest for
                  | the Orb.
     0 | D:1      | Reached XP level 1. HP: 10/10 MP: 3/3
   148 | D:1      | Reached XP level 2. HP: 15/15 MP: 3/5
   879 | D:1      | Reached XP level 3. HP: 20/20 MP: 5/7
   883 | D:1      | Learned a level 3 spell: Stone Arrow
  1453 | D:2      | Noticed Natasha
  1458 | D:2      | Killed Natasha
  1459 | D:2      | Reached skill level 1 in Fighting
  1459 | D:2      | Reached skill level 3 in Spellcasting
  1459 | D:2      | Reached skill level 1 in Conjurations
  1459 | D:2      | Reached XP level 4. HP: 14/25 MP: 3/8
  1515 | D:2      | Noticed Natasha
  1520 | D:2      | Killed Natasha
  1565 | D:2      | Noticed Natasha
  1570 | D:2      | Killed Natasha
  1773 | D:2      | Reached XP level 5. HP: 29/29 MP: 7/9
  1991 | D:2      | Found a faded altar of an unknown god.
  2894 | D:3      | Found a broken altar of Ashenzari.
  2945 | D:3      | Noticed a phantom
  2951 | D:3      | Killed a phantom
  2952 | D:3      | Reached XP level 6. HP: 33/36 MP: 5/11
  4288 | D:4      | Noticed a fire elemental
  4291 | D:4      | Found a stormy altar of Qazlal.
  4293 | D:4      | Noticed a water elemental
  4331 | D:4      | Reached skill level 4 in Spellcasting
  4331 | D:4      | Reached XP level 7. HP: 40/41 MP: 9/13
  4530 | D:4      | Noticed an air elemental
  4985 | D:5      | Entered Level 5 of the Dungeon
  5138 | D:5      | Reached skill level 5 in Spellcasting
  5374 | D:5      | Noticed Prince Ribbit
  5380 | D:5      | Killed Prince Ribbit
  5709 | D:5      | Reached XP level 8. HP: 40/46 MP: 1/16
  6133 | D:5      | Reached skill level 5 in Earth Magic
  6865 | D:6      | Found a shimmering blue altar of Sif Muna.
  6955 | D:6      | Found a staircase to the Ecumenical Temple.
  6962 | Temple   | Entered the Ecumenical Temple
  7188 | Temple   | Became a worshipper of Kikubaaqudgha
  7233 | D:6      | Found a broken altar of Ashenzari.
  7235 | D:6      | Found a snail-covered altar of Cheibriados.
  7235 | D:6      | Found a shimmering altar of Xom.
  7237 | D:6      | Found an iron altar of Okawaru.
  7237 | D:6      | Found an ornate altar of the Wu Jian Council.
  7237 | D:6      | Found an ornate altar of the Wu Jian Council.
  7296 | D:6      | Reached skill level 6 in Spellcasting
  7404 | D:6      | Reached skill level 1 in Necromancy
  7735 | D:6      | Reached XP level 9. HP: 48/52 MP: 15/18
  7756 | D:6      | Found Qeolopn's Antique Armour Boutique.
  7760 | D:6      | Bought a runed robe for 62 gold pieces
  7770 | D:6      | Bought an embroidered robe for 62 gold pieces
  7770 | D:6      | Bought a glowing scarf for 136 gold pieces
  7809 | D:6      | Found a runed translucent door.
  7810 | D:6      | Noticed Crazy Yiuf
  7962 | D:6      | Noticed a two-headed ogre
  7989 | D:6      | Found a blossoming altar of Fedhas.
  8397 | D:6      | Killed Crazy Yiuf
  8581 | D:7      | Found a hide-covered altar of Uskayaw.
  8717 | D:7      | Learned a level 6 spell: Death Channel
  8766 | D:7      | Noticed a +0 dagger
  8766 | D:7      | Noticed a +4 hand axe
  8874 | D:7      | Reached * piety under Kikubaaqudgha
  8874 | D:7      | Received a gift from Kikubaaqudgha
  8880 | D:7      | Learned a level 4 spell: Animate Dead
  9033 | D:7      | Reached skill level 5 in Conjurations
  9533 | D:8      | Reached skill level 1 in Shields
  9666 | D:8      | Identified the +2 robe of Protective Custody {-Tele MP+9
                  | Dex+3 Slay+2}
  9739 | D:8      | Reached skill level 1 in Ranged Weapons
  9900 | D:8      | Found Juyhuek's Jewellery Shop.
  9989 | D:8      | Found a white marble altar of Elyvilon.
 10088 | D:8      | Found a flagged portal.
 10165 | D:8      | Noticed a komodo dragon
 10172 | D:8      | Killed a komodo dragon
 10173 | D:8      | Reached skill level 5 in Dodging
 10198 | D:8      | Reached skill level 5 in Fighting
 10444 | D:8      | Found a glowing golden altar of the Shining One.
 10634 | D:8      | Found the +2 ratskin cloak {*Rats rPois rN+ Str-1 Int-1
                  | Dex+1}
 10861 | D:9      | Reached XP level 10. HP: 59/59 MP: 20/20
 10876 | D:9      | Identified a scroll of acquirement
 10876 | D:9      | Acquired the +2 cloak of the Sea {rF+ Int+3 Dex+4}
 10893 | D:9      | Learned a level 1 spell: Sandblast
 11034 | D:9      | Found a radiant altar of Vehumet.
 11063 | D:9      | Reached skill level 7 in Spellcasting
 11332 | D:9      | Noticed funaii's ghost (journeyman MiBe)
 11332 | D:9      | Noticed a two-headed ogre
 11333 | D:9      | Found a transporter.
 11333 | D:9      | Identified the +3 great mace "Xerael" {venom, rC+ Dex+3}
 11333 | D:9      | Noticed a two-headed ogre
 11335 | D:9      | Noticed a two-headed ogre
 11336 | D:9      | Noticed a two-headed ogre
 11337 | D:9      | Found a transporter.
 11715 | D:9      | Noticed a two-headed ogre
 11767 | D:10     | Entered Level 10 of the Dungeon
 11780 | D:10     | Reached ** piety under Kikubaaqudgha
 12041 | D:10     | Found an ornate altar of the Wu Jian Council.
 12232 | D:10     | Reached skill level 5 in Necromancy
 12266 | D:10     | Found a basalt altar of Yredelemnul.
 12287 | D:10     | Reached skill level 8 in Spellcasting
 12312 | D:10     | Reached XP level 11. HP: 61/63 MP: 23/23
 12493 | D:10     | Noticed a two-headed ogre
 12495 | D:10     | Noticed eyesofgods1's ghost (journeyman DsCj)
 12496 | D:10     | Noticed a tengu warrior
 12497 | D:10     | Found a bloodstained altar of Trog.
 12546 | D:10     | Reached skill level 9 in Spellcasting
 12555 | D:10     | Reached skill level 10 in Earth Magic
 12571 | D:10     | Noticed a moth of wrath
 12708 | D:10     | Noticed a two-headed ogre
 12718 | D:10     | Found a transporter.
 12721 | D:10     | Found a transporter.
 12746 | D:10     | Found a staircase to the Lair.
 12770 | D:10     | Noticed a two-headed ogre
 12801 | D:10     | Killed a two-headed ogre
 12818 | D:10     | Reached *** piety under Kikubaaqudgha
 12818 | D:10     | Received a gift from Kikubaaqudgha
 12825 | D:10     | Learned a level 5 spell: Borgnjor's Vile Clutch
 12832 | D:10     | Learned a level 6 spell: Simulacrum
 13390 | D:10     | Found a portal to a secret trove of treasure.
 13477 | D:11     | Reached skill level 1 in Ice Magic
 13540 | D:11     | Noticed a soul eater
 13947 | D:11     | Noticed a purple ugly thing
 13954 | D:11     | Killed a purple ugly thing
 14027 | D:11     | Found a runed translucent door.
 14049 | D:11     | Found a runed translucent door.
 14068 | D:11     | Found a runed translucent door.
 14126 | D:11     | Found a runed translucent door.
 14373 | D:12     | Noticed a deep elf pyromancer
 14375 | D:12     | Reached XP level 12. HP: 67/68 MP: 25/25
 14733 | D:12     | Found a staircase to the Orcish Mines.
 15153 | D:12     | Reached skill level 10 in Spellcasting
 15330 | D:12     | Reached **** piety under Kikubaaqudgha
 15595 | D:12     | Noticed a boulder beetle
 15607 | D:12     | Killed a boulder beetle
 15925 | D:12     | Found an opulent altar of Gozag.
 16277 | Lair:1   | Entered Level 1 of the Lair of Beasts
 16331 | Lair:1   | Found a dark tunnel.
 16358 | Volcano  | Entered a volcano
 16407 | Volcano  | Found a radiant altar of Vehumet.
 16441 | Volcano  | Noticed a red draconian
 16568 | Volcano  | Killed a red draconian
 17404 | Lair:1   | Noticed Urug
 17599 | Lair:1   | Killed Urug
 17600 | Lair:1   | Reached XP level 13. HP: 64/74 MP: 12/27
 18164 | Lair:2   | Found a hole to the Spider Nest.
 18248 | Lair:2   | Reached skill level 5 in Ice Magic
 18913 | Lair:2   | Found a staircase to the Shoals.
 19616 | Lair:3   | Identified the +1 robe of Weightlessness {Regen+}
 20257 | Lair:4   | Noticed Josephine
 20269 | Lair:3   | Killed Josephine
 20648 | Lair:3   | Reached skill level 11 in Spellcasting
 21651 | Lair:5   | Entered Level 5 of the Lair of Beasts
 21658 | Lair:5   | Reached ***** piety under Kikubaaqudgha
 21661 | Lair:5   | Gained mutation: Your large and strong wings let you fly.
                  | [Gargoyle growth]
 21661 | Lair:5   | Reached XP level 14. HP: 74/82 MP: 18/29
 21671 | Lair:5   | Reached skill level 10 in Necromancy
 21866 | Lair:5   | Found a runed translucent gate.
 21867 | Lair:5   | Found a runed translucent gate.
 21868 | Lair:5   | Found a runed translucent gate.
 22175 | Lair:5   | Found the +13 scythe of Curses {drain, Drain}
 22266 | Lair:5   | Identified the ring "Veoniely" {Fly rCorr Int-5 Dex+6}
 22612 | Lair:5   | Noticed bmj180's ghost (journeyman GrEE)
 22731 | Lair:5   | Killed Kirke
 22880 | Lair:5   | Found a runed translucent door.
 22880 | Lair:5   | Found a viscous altar of Jiyva.
 22881 | Lair:5   | Found a staircase to the Slime Pits.
 22957 | Lair:5   | Reached skill level 12 in Spellcasting
 23487 | Lair:5   | Noticed Snorg
 23495 | Lair:5   | Killed Snorg
 24073 | Orc:1    | Entered Level 1 of the Orcish Mines
 24190 | Orc:1    | Reached ****** piety under Kikubaaqudgha
 24191 | Orc:1    | Reached XP level 15. HP: 86/86 MP: 31/31
 24191 | Orc:1    | Received a gift from Kikubaaqudgha
 24201 | Orc:1    | Learned a level 8 spell: Infestation
 24453 | Orc:1    | Reached skill level 1 in Armour
 24651 | Orc:1    | Identified the +1 eveningstar of Ambiguity {freeze, Drain
                  | Fragile rPois Str+9}
 24655 | Orc:1    | Identified the +4 chain mail "Zetoagevar" {SInv}
 25026 | Orc:1    | Found Sieduy's Assorted Antiques.
 25135 | Orc:1    | Found Poosypt's Jewellery Shop.
 25142 | Orc:1    | Bought the amulet "Xiycaam" {rElec rC++ Regen+ rCorr Str-5
                  | SInv} for 668 gold pieces
 25281 | Orc:1    | Noticed Fannar
 25288 | Orc:1    | Killed Fannar
 25554 | Orc:1    | Found Biprodunann's Assorted Antiques.
 25563 | Orc:1    | Noticed Sonja
 25569 | Orc:1    | Killed Sonja
 25805 | Orc:1    | Identified the +6 spear of Kindness {freeze, Fragile Fly
                  | Dex+4 Stlth+}
 25809 | Orc:1    | Identified the +9 long sword "Wiapig" {flame, Fly rN+
                  | Int+3}
 25865 | Orc:2    | Entered Level 2 of the Orcish Mines
 25865 | Orc:2    | Found a staircase to the Elven Halls.
 26014 | Orc:2    | Found Cysmen's Book Boutique.
 26246 | Orc:2    | Paralysed by an orc sorcerer for 2 turns
 26258 | Orc:2    | Reached skill level 1 in Transmutations
 26278 | Orc:2    | Paralysed by an orc sorcerer for 2 turns
 26542 | Orc:2    | Found Robazega's Antique Armour Shoppe.
 26562 | Orc:2    | Found a radiant altar of Vehumet.
 26573 | Orc:2    | Reached skill level 1 in Evocations
 26656 | Orc:2    | Found Caxef's Antique Armour Shoppe.
 26675 | Orc:2    | Noticed Nergalle
 26689 | Orc:2    | Killed Nergalle
 26820 | Orc:2    | Found an ancient bone altar of Kikubaaqudgha.
 26854 | Orc:2    | Paralysed by an orc sorcerer for 4 turns
 26861 | Orc:2    | Found Kuenesew's Jewellery Shoppe.
 26868 | Orc:2    | Found Vyebu's Magic Scroll Emporium.
 27826 | D:13     | Found a frozen archway.
 27837 | IceCv    | Entered an ice cave
 28111 | IceCv    | Got Sif Muna's Excursus on Cryomancy
 28117 | IceCv    | Got the +8 dagger of Beogh's Anger {freeze, rF- rC+++}
 29236 | IceCv    | Found a viscous altar of Jiyva.
 29236 | IceCv    | Noticed an azure jelly
 29243 | IceCv    | Killed an azure jelly
 29244 | IceCv    | Reached skill level 5 in Ranged Weapons
 29244 | IceCv    | Reached skill level 13 in Spellcasting
 29566 | IceCv    | Identified the amulet "Reyquem" {Spirit rC+ Str+3}
 29571 | IceCv    | Got the ring "Ibapouf" {Ice Fly Str+4 SInv}
 29575 | IceCv    | Got the ring of the Ego {rC+ rCorr Int+4 Slay+3}
 29825 | Orc:1    | Bought the ring of the Good {Fire Int+5} for 467 gold
                  | pieces
 29825 | Orc:1    | Bought a ring of wizardry for 330 gold pieces
 29839 | Orc:2    | Bought a book of Sloth for 540 gold pieces
 30285 | D:13     | Reached skill level 10 in Fighting
 30635 | D:12     | Reached XP level 16. HP: 78/98 MP: 8/33
 31077 | D:14     | Identified the +5 trident of Currency {protect, Str+7}
 31208 | D:14     | Found a gate to the Vaults.
 31233 | D:14     | Noticed Azrael
 31245 | D:14     | Killed Azrael
 32042 | D:14     | Reached skill level 10 in Ice Magic
 32312 | D:14     | Found a transporter.
 32315 | D:14     | Found a transporter.
 32345 | D:14     | Found a transporter.
 32399 | D:14     | Found a transporter.
 32532 | D:15     | Entered Level 15 of the Dungeon
 32551 | D:15     | HP: 4/101 [skeletal warrior/+0 long sword (3)]
 32795 | D:15     | Found a staircase to the Depths.
 33330 | D:15     | Identified the +2 broad axe "Koig" {antimagic, Int+3}
 33542 | D:9      | Reached skill level 14 in Spellcasting
 33561 | D:9      | Killed funaii's ghost
 33590 | D:9      | Acquired 798 gold pieces
 33812 | Orc:2    | Bought a book of Fire for 450 gold pieces
 33819 | Orc:2    | Learned a level 6 spell: Starburst
 33938 | D:10     | HP: 2/101 [orc warrior/+2 antimagic flail (6)]
 33938 | D:10     | Demolished by a tengu warrior

Illustrated notes

Levels and vault maps discovered:
D:1:      eino_arrival_water_star, layout_loops_cross, minmay_door_square,
          minivault_5, roderic_serpentine_path, minmay_distorted
D:2:      minmay_diamond_boxcup, layout_basic,
          dreamdust_ecumenical_altar_angels_and_demons,
          minmay_tree_intersection, uniq_natasha
D:3:      layout_basic, lemuel_crystal_altar, chequers_jeans
D:4:      layout_basic, nicolae_qazlal_style_of_elements, hex_large,
          kennysheep_pointless_box, minmay_misc_feat_enclosed,
          minmay_quadrilaterals
D:5:      layout_basic, nicolae_ossuary_entry_catacombs, minmay_crossroads,
          uniq_prince_ribbit1
D:6:      layout_loops_ring, mainiacjoe_overflow_alcove_4, fedhas_altar_2,
          doesnt_xom_only_xom, temple_statues, serial_shops, shop_statue,
          minmay_misc_feat_cross, lightli_corner_chamber,
          uniq_crazy_yiuf_cottage
D:7:      layout_basic, dancing_weapons_uskayaw, kennysheep_generic_room_11
D:8:      gammafunk_indiana_jones, layout_loops_corners, lemuel_tele_altar,
          elyvilon_altar_4, serial_shops, nicolae_shop_waterfront,
          enter_bailey_4, minmay_lizard_king
D:9:      layout_basic, kennysheep_mini, gammafunk_ghost_smash
D:10:     layout_basic, pdpol_wu_jian_five_deadly_venoms,
          lemuel_mausoleum_altar_yredelemnul, minmay_lair_entry_grove,
          enter_trove_3, gammafunk_ghost_wrathful_warriors,
          hangedman_abyss_or_decor_clamps
D:11:     layout_cave_pools, minmay_statue_crystal_thing
D:12:     layout_basic, david_orc_2,
          nicolae_gozag_cash_rules_everything_around_me
D:13:     layout_basic, portal_ice_cave_entry_pillars_1
D:14:     layout_basic, erik_vaults_1, hangedman_decor_riveting,
          nicolae_transporter_circle, uniq_azrael
D:15:     grunt_enter_depths_giant_problem, layout_cave_pools,
          nicolae_two_hexagons, serial_rivers, chequers_serial_rivers_room_b,
          chequers_serial_rivers_micro_c, chequers_serial_rivers_room_b,
          chequers_serial_rivers_micro_b, chequers_serial_rivers_large_a,
          chequers_serial_rivers_micro_a
Temple:   nicolae_temple_bog_church
Lair:1:   layout_cave_pods, nicolae_volcano_entry_lava_flow, uniq_urug
Lair:2:   layout_regular_city, elwin_shoals_entry_rooms,
          nicolae_spider_entry_lesser_pyramids, minmay_shattered_shrine
Lair:3:   layout_gridlike, roderic_batcave, small_statue_intersection
Lair:4:   layout_regular_city, dreamdust_gnoll_shepherd, uniq_josephine
Lair:5:   hangedman_lair_in_review, layout_gridlike, guppyfry_lair_end_dragon,
          slime_entry_2, gammafunk_ghost_hydra_chop, uniq_snorg, uniq_kirke
Orc:1:    giant_chief_lemuel, layout_diamond_mine, serial_shops, shop,
          nicolae_square_shop, nicolae_shop_hallway_stairs, uniq_sonja,
          uniq_fannar
Orc:2:    kennysheep_orc_mage_school, layout_diamond_mine, serial_shops, shop

Skill      XL: |  1  2  3  4  5  6  7  8  9 10 11 12 13 14 15 16 |
---------------+-------------------------------------------------+-----
Dodging        | 2 3 4 5 6 7 |  7.0
Fighting       | 1 2 3 4 5 6 7 10 12 | 12.0
Spellcasting   | 3 4 5 6 8 9 10 11 12 13 14 | 14.0
Conjurations   | 1 2 4 5 6 7 8 |  8.4
Earth Magic    | 4 5 6 8 10 | 10.0
Necromancy     | 1 3 5 6 8 9 11 12 13 | 13.1
Stealth        | 4 |  4.0
Shields        | 2 |  2.0
Ranged Weapons | 2 3 4 5 |  5.0
Ice Magic      | 2 4 6 8 9 10 | 10.0
Armour         | 4 |  4.0
Transmutations | 2 |  2.1
Evocations     | 2 3 |  3.0
Fire Magic     | |  0.5

Action                   |  1- 3 |  4- 6 |  7- 9 | 10-12 | 13-15 | 16-18 || total
-------------------------+-------+-------+-------+-------+-------+-------++-------
Melee: Unarmed           |    10 |       |       |       |       |       ||    10
       Whip              |    15 |     6 |       |       |       |       ||    21
       Punch             |     1 |     1 |       |       |       |       ||     2
       Trident           |     5 |    10 |       |       |       |       ||    15
       Staff             |       |       |       |       |    56 |       ||    56
       Long sword        |       |       |       |       |     2 |    37 ||    39
 Fire: Sling             |       |    53 |   161 |   169 |   106 |       ||   489
 Cast: Sandblast         |    37 |    89 |   132 |   144 |   371 |     1 ||   774
       Stone Arrow       |       |     4 |    51 |   126 |   229 |    68 ||   478
       Animate Dead      |       |       |       |    10 |    26 |     5 ||    41
       Borgnjor's Vile C |       |       |       |    17 |    62 |    34 ||   113
       Death Channel     |       |       |       |     1 |    38 |     8 ||    47
       Simulacrum        |       |       |       |       |    19 |     7 ||    26
       Infestation       |       |       |       |       |       |     1 ||     1
Invok: Receive Forbidden |       |       |       |       |     1 |       ||     1
Evoke: Wand              |       |       |       |     4 |     1 |     2 ||     7
       Lightning rod     |       |       |       |       |     1 |       ||     1
       Condenser vane    |       |       |       |       |     1 |       ||     1
  Use: Scroll            |       |       |       |    33 |     4 |     2 ||    39
       Potion            |       |       |       |       |       |     3 ||     3
 Stab: Sleeping          |     1 |     3 |       |       |       |       ||     4
       Distracted        |       |       |       |       |     1 |       ||     1
Armor: Robe              |    12 |    34 |    31 |   151 |   264 |    75 ||   567
Dodge: Dodged            |    35 |   103 |   165 |   372 |   710 |    75 ||  1460
Block: Buckler           |       |       |    14 |   157 |   281 |    55 ||   507

Table legend: (Time is in decaauts)
 A = Elapsed time spent in this place.
 B = Non-inter-level travel time spent in this place.
 C = Inter-level travel time spent in this place.
 D = Time resting spent in this place.
 E = Time spent auto-exploring this place.
 F = Levels seen in this place.
 G = Mean time per level.
                   A        B        C        D        E       F      G
               +--------+--------+--------+--------+--------+-----+--------+
         Total |  34810 |  33284 |   1526 |   7702 |  20226 |  25 | 1392.4 |
       Dungeon |  20722 |  19759 |    963 |   4347 |  12484 |  15 | 1381.5 |
        Temple |    259 |    213 |     46 |      0 |    198 |   1 |  259.0 |
          Lair |   7437 |   7274 |    163 |   1535 |   4483 |   5 | 1487.4 |
  Orcish Mines |   3912 |   3558 |    354 |    556 |   2299 |   2 | 1956.0 |
      Ice Cave |   1877 |   1877 |      0 |   1051 |    551 |   1 | 1877.0 |
       Volcano |    601 |    601 |      0 |    213 |    211 |   1 |  601.0 |
               +--------+--------+--------+--------+--------+-----+--------+

Top non-repeatable levels by time:
    D:12: 2502 daAuts
  Lair:5: 2420 daAuts
   Orc:1: 2065 daAuts
    D:10: 1954 daAuts
   IceCv: 1877 daAuts
   Orc:2: 1847 daAuts
     D:6: 1669 daAuts
  Lair:3: 1640 daAuts
     D:5: 1630 daAuts
     D:2: 1602 daAuts
     D:8: 1524 daAuts
    D:14: 1480 daAuts
  Lair:2: 1468 daAuts
     D:4: 1279 daAuts
     D:1: 1119 daAuts
